 Dungeon Crawl Stone Soup version 0.32-a0-765-gfba4d74c8c (webtiles) character file.

Game seed: 12419544108849607141

3 GordonOverkill the Sneak (level 1, -4/18 HPs)
             Began as a Demonspawn Delver on Mar 18, 2024.
             Slain by an orc
             ... wielding a +0 mace
              (7 damage)
             ... on level 6 of the Dungeon.
             The game lasted 00:01:08 (114 turns).

GordonOverkill the Sneak (Demonspawn Delver)         Turns: 114, Time: 00:01:10

Health: -4/18      AC:  3    Str: 12    XL:     1   Next: 41%
Magic:  1/1        EV: 10    Int: 10    God:
Gold:   15         SH:  0    Dex: 14    Spells: 0/0 levels left

rFire   . . .        a - +0 hand axe
rCold   . . .        (no shield)
rNeg    . . .        b - +0 leather armour
rPois   .            (no helmet)
rElec   .            (no cloak)
rCorr   .            (no gloves)
SInv    .            (no boots)
Will    .....        (no amulet)
Stlth   ++           (no ring)
HPRegen 0.23/turn    (no ring)
MPRegen 0.07/turn

%: no passive effects
@: hasted, very quick
A: no striking features
a: no special abilities


You were on level 6 of the Dungeon.
You visited 1 branch of the dungeon, and saw 3 of its levels.

You collected 15 gold pieces.

Inventory:

Hand Weapons
 a - a +0 hand axe (weapon)
Armour
 b - a +0 leather armour (worn)
Wands
 g - a wand of digging (3)
Scrolls
 c - a scroll of fog
 d - a scroll of revelation
Potions
 h - a potion of enlightenment


   Skills:
 - Level 3.0 Fighting
 + Level 2.1 Axes
 - Level 1.7 Dodging
 - Level 4.5 Stealth


You couldn't memorise any spells.
You didn't know any spells.
Your spell library was empty.

Dungeon Overview and Level Annotations

Branches:
Dungeon (7/15)
 Temple: D:4-7

Altars:


Message History

An orc warrior comes into view. It is wielding a +0 long sword.
As you read the scroll labelled QEARRA OFAASIJ, it crumbles to dust.
It is a scroll of amnesia.
You feel forgetful for a moment.
As you read the scroll labelled SIRCHI PUMNUZU, it crumbles to dust.
It is a scroll of identify.
h - a potion of enlightenment The orc hits you with a +0 mace.
* * * LOW HITPOINT WARNING * * *
The air fills with toxic fumes!
As you read the scroll labelled AGIGIA BIC QUM, it crumbles to dust.
It was a scroll of poison.
The orc hits you but does no damage.
The kobold throws a stone.
The stone hits you but does no damage.
You feel yourself speed up. The orc hits you with a +0 mace.
* * * LOW HITPOINT WARNING * * *
The kobold throws a stone.
The stone hits you.
* * * LOW HITPOINT WARNING * * *
Okay, then.
You hit the orc.
The orc is moderately wounded.
You hit the orc but do no damage.
The orc is moderately wounded.
The orc hits you but does no damage.
You closely miss the orc.
The orc is moderately wounded.
The orc misses you.
You closely miss the orc.
The orc is moderately wounded.
The orc barely misses you.
The kobold throws a stone.
The stone hits you but does no damage.
You hit the orc.
The orc is almost dead.
The orc hits you with a +0 mace.
* * * LOW HITPOINT WARNING * * *
You barely miss the orc.
The orc is almost dead.
You hit the orc but do no damage.
The orc is almost dead.
The orc hits you with a +0 mace!
You die...

#.##.........###.
#.##....§§§☼§#
#)##..K..§§§§#
K.##.....○§§§#
#####......§§☼#
...........§##
#########.#§#
#.#○# #.#@# #.#o#
#.#o# ..#o# #.#§#
#§# #☼# #§#


You could see an orc warrior and 2 orcs.

Vanquished Creatures
  3 kobolds (D:6)
3 creatures vanquished.

Notes
Turn   | Place    | Note
-------+----------+-------------------------------------------
     0 | D:5      | GordonOverkill the Demonspawn Delver began the quest for
                  | the Orb.
     0 | D:5      | Reached XP level 1. HP: 18/18 MP: 1/1
    29 | D:6      | Noticed an iguana
    53 | D:7      | Noticed a hound
    86 | D:6      | Noticed a kobold brigand
   102 | D:6      | Noticed an orc warrior
   114 | D:6      | Slain by an orc

Illustrated notes

Levels and vault maps discovered:
D:5:      layout_loops_ring, mainiacjoe_overflow_concentric_impassable
D:6:      layout_basic, moated_statue, hangedman_decor_riveting,
          chequers_serial_rivers_room_a
D:7:      layout_loops_ring, lightli_orcish_oven

Skill      XL: |  1 |
---------------+----+-----
Axes           | 2 |  2.1
Fighting       | |  3.0
Dodging        | |  1.7
Stealth        | |  4.5

Action                     || total
---------------------------++-------
  Melee: Hand axe          ||    10
    Use: Scroll            ||     4
         Potion            ||     1
   Stab: Sleeping          ||     1
 Armour: Leather armour    ||    11
  Dodge: Dodged            ||     3

Table legend: (Time is in decaauts)
 A = Elapsed time spent in this place.
 B = Non-inter-level travel time spent in this place.
 C = Inter-level travel time spent in this place.
 D = Time resting spent in this place.
 E = Time spent auto-exploring this place.
 F = Levels seen in this place.
 G = Mean time per level.
                   A        B        C        D        E       F      G
               +--------+--------+--------+--------+--------+-----+--------+
         Total |    113 |    113 |      0 |      0 |      0 |   3 |   37.7 |
       Dungeon |    113 |    113 |      0 |      0 |      0 |   3 |   37.7 |
               +--------+--------+--------+--------+--------+-----+--------+

Top non-repeatable levels by time:
     D:6: 89 daAuts
     D:5: 15 daAuts
     D:7: 8 daAuts
